 Dungeon Crawl Stone Soup version 0.23.2-33-g5129a83184 (webtiles) character file.

Game seed: 2379187273117449731

80 Kold the Insei (level 4, -1/28 HPs)
             Began as an Octopode Transmuter on July 20, 2019.
             Slain by an orc wizard
             ... wielding a +2 dagger of venom
              (2 damage)
             ... on level 2 of the Dungeon.
             The game lasted 00:02:21 (1173 turns).

Kold the Insei (Octopode Transmuter)                Turns: 1173, Time: 00:02:21

Health: -1/28      AC:  1    Str: 10    XL:     4   Next: 39%
Magic:  7/7        EV: 14    Int: 20    God:
Gold:   47         SH:  3    Dex: 12    Spells: 6/7 levels left

rFire    . . .     SeeInvis .     - Unarmed
rCold    . . .     Gourm    .   (no shield)
rNeg     . . .     Faith    .   (helmet restricted)
rPois    .         Spirit   .   k - +3 amulet of reflection
rElec    .         Reflect  +   i - ring of protection from magic
rCorr    .         Harm     .   (no ring)
MR       +....                  (no ring)
Stlth    +++.......             (no ring)
HPRegen  0.09/turn              (no ring)
MPRegen  0.10/turn              (no ring)
                                (no ring)
                                (no ring)

@: brilliant, appendage (expiring), slowed, very slow
A: almost no armour, stealthy swim, amphibious, 8 rings, constrict 8, tentacle
spike 3, camouflage 1, gelatinous body 1
a: End Transformation


You were on level 2 of the Dungeon.
You were not hungry.
One of your tentacles had a temporary spike.
You visited 1 branch of the dungeon, and saw 2 of its levels.

You collected 47 gold pieces.

Inventory:

Missiles
 a - 82 arrows
Jewellery
 i - a ring of protection from magic (left tentacle)
 k - a +3 amulet of reflection (around mantle)
Scrolls
 b - 3 scrolls of identify {unknown}
 d - a scroll of remove curse {unknown}
 h - 2 scrolls of teleportation {unknown}
Potions
 e - a potion of flight {unknown}
 j - a potion of ambrosia {unknown}
Comestibles
 c - 2 rations


   Skills:
 - Level 1.0 Fighting
 + Level 2.8 Dodging
 + Level 2.6 Stealth
 + Level 3.6 Unarmed Combat
 - Level 2.0 Spellcasting
 + Level 2.7 Transmutations


You had 6 spell levels left.
You knew the following spells:

 Your Spells              Type           Power        Failure   Level  Hunger
a - Beastly Appendage     Tmut           ###...       1%          1    #......

Your spell library contained the following spells:

 Spells                   Type           Power        Failure   Level  Hunger
 Sticks to Snakes         Tmut           ###.....     1%          2    ##.....
 Spider Form              Tmut/Pois      ###.......   3%          3    ###....
 Ice Form                 Ice/Tmut       ###.....     10%         4    #####..
 Blade Hands              Tmut           ###.......   16%         5    ######.


Dungeon Overview and Level Annotations

Branches:
Dungeon (2/15)

Altars:


Innate Abilities, Weirdness & Mutations

You cannot wear most types of armour.
You are very stealthy in the water. (Stealth+)
You are amphibious.
You can wear up to eight rings at the same time.
You can use your tentacles to constrict eight enemies at once.
Your skin changes colour to match your surroundings (Stealth+).
Your rubbery body absorbs attacks. (AC +1, EV +1)
One of your tentacles bears a large vicious spike.


Message History

The orc priest is almost dead.
You constrict the orc priest, but do no damage.
The orc priest hits you.
* * * LOW HITPOINT WARNING * * *
You block the orc wizard's attack. Something barely misses you.
The orc closely misses you. The orc priest closely misses you.
The orc wizard misses you.
It was a potion of curing.
You feel better.
You constrict the orc priest. Something hits you.
The orc hits you with a +0 flail. The orc priest hits you.
* * * LOW HITPOINT WARNING * * *
The orc wizard barely misses you. Something hits you.
* * * LOW HITPOINT WARNING * * *
It was a potion of brilliance.
You feel clever all of a sudden.
You constrict the orc priest.
You kill the orc priest!
You have reached level 4!
The orc closely misses you.
The orc wizard hits you with a +2 dagger of venom.
You die...

#...÷.†. ##.....## #..)....
#.......# #....... #.8...8.#
#....... #.......# #.).....
#.......# #....... #......
#.......# #######'## #......#
#.8.[{8.# #.......# #......#
#.#..o@o..#.##.####### #......#
#...........##.#
#......########...######†########
#...............### #...........#
#...............# #...........#
.......†........# #...........#
.#..........†...# #####'##..(...
#..............# #.............
#..............## #....)........


You could see an orc wizard and an orc.

Vanquished Creatures
  An orc priest (D:2)
  An ooze (D:1)
  3 dart slugs (D:1)
  A leopard gecko (D:1)
  2 orcs (D:2)
  2 giant cockroaches
  6 goblins
  3 hobgoblins
  2 quokkas (D:2)
  5 bats
  3 frilled lizards
  6 kobolds
  4 rats
39 creatures vanquished.

Notes
Turn   | Place    | Note
-------+----------+-------------------------------------------
     0 | D:1      | Kold the Octopode Transmuter began the quest for the Orb.
     0 | D:1      | Reached XP level 1. HP: 13/13 MP: 3/3
    86 | D:1      | Reached XP level 2. HP: 13/18 MP: 3/5
   213 | D:1      | Reached skill level 1 in Stealth
   572 | D:1      | Reached XP level 3. HP: 23/23 MP: 4/6
  1171 | D:2      | HP: 1/23 [orc priest (2)]
  1173 | D:2      | Reached XP level 4. HP: 1/28 MP: 7/7
  1173 | D:2      | Slain by an orc wizard

Skill      XL: |  1  2  3 |
---------------+----------+-----
Stealth        | 1 2 |  2.6
Fighting       | |  1.0
Dodging        | |  2.8
Unarmed Combat | |  3.6
Spellcasting   | |  2.0
Transmutations | |  2.7

Action                   |  1- 3 |  4- 6 || total
-------------------------+-------+-------++-------
Melee: Unarmed           |    68 |       ||    68
       Constrict         |    21 |       ||    21
       Kick              |    13 |       ||    13
       Tentacles         |     9 |       ||     9
       Punch             |     1 |       ||     1
 Cast: Beastly Appendage |    23 |       ||    23
  Use: Potion            |     2 |       ||     2
 Stab: Sleeping          |    14 |       ||    14
  Eat: Chunk             |     1 |       ||     1
Armor: Skin              |     4 |       ||     4
Dodge: Dodged            |    36 |     1 ||    37
Block: Other             |     1 |       ||     1
